 Dungeon Crawl Stone Soup version 0.20-a0-555-gf6ae02d (webtiles) character file.

2950 Minion the Grappler (level 9, -1/88 HPs)
             Began as a Troll Monk on Feb 7, 2017.
             Slain by a hound (4 damage)
             ... on level 8 of the Dungeon.
             The game lasted 00:11:40 (5860 turns).

Minion the Grappler (Troll Monk)                    Turns: 5860, Time: 00:11:41

Health: -1/88      AC:  5    Str: 21    XL:     9   Next: 51%
Magic:  8/8        EV: 12    Int:  6    God:
Gold:   404        SH:  0    Dex: 15    Spells: 8/8 levels left

rFire    x . .     SeeInvis .     - Unarmed
rCold    + . .     Gourm    +   a - +0 robe
rNeg     . . .     Faith    .   (no shield)
rPois    .         Spirit   .   (helmet restricted)
rElec    .         Reflect  .   (no cloak)
rCorr    .         Harm     .   (gloves unavailable)
MR       +....                  (boots unavailable)
Stlth    ++........             v - amulet of magic regeneration
Regen    0.7/turn               s - ring of ice
                                o - ring of protection from magic

@: no status effects
A: unfitting armour, claws 3, fast metabolism 3, gourmand, regeneration 1,
shaggy fur 1, tough skin 2
a: no special abilities


You were on level 8 of the Dungeon.
You were completely stuffed.

You visited 2 branches of the dungeon, and saw 9 of its levels.

You collected 404 gold pieces.

Inventory:

Armour
 a - a +0 robe (worn)
Jewellery
 j - an uncursed ring of positive energy
 o - a ring of protection from magic (left claw)
 s - a ring of ice (right claw)
 v - an amulet of magic regeneration (around neck)
Wands
 n - a wand of lightning (7/15)
 D - a wand of iceblast (13/15)
Scrolls
 c - a scroll of noise {unknown}
 d - 8 scrolls of identify
 e - 9 scrolls of remove curse
 f - 3 scrolls of teleportation {unknown}
 h - 2 scrolls of amnesia {unknown}
 i - 4 scrolls of magic mapping {unknown}
 k - 3 scrolls of enchant weapon {unknown}
 l - a scroll of random uselessness {unknown}
 q - 2 scrolls of recharging {unknown}
 u - a scroll of vulnerability {unknown}
 y - 2 scrolls of immolation {unknown}
 C - 2 scrolls of blinking {unknown}
Potions
 m - a potion of ambrosia
 r - a potion of heal wounds {unknown}
 t - a potion of brilliance {unknown}
 x - 2 potions of curing
 z - a potion of mutation {unknown}
 A - 2 potions of haste {unknown}
 E - a potion of flight {unknown}
Comestibles
 b - 6 bread rations
 g - 2 royal jellies
 p - 4 meat rations
 B - 8 fruits


   Skills:
 + Level 5.1 Fighting
 + Level 5.0 Dodging
 - Level 1.0 Stealth
 + Level 11.2 Unarmed Combat


You had 8 spell levels left.
You didn't know any spells.

Dungeon Overview and Level Annotations

Branches:
Dungeon (8/15)             Temple (1/1) D:4            Lair (0/6) D:8

Altars:
Ashenzari
Cheibriados
Dithmenos
Elyvilon
Fedhas
Gozag
Hepliaklqana
Kikubaaqudgha
Makhleb
Okawaru
Ru
Sif Muna
Trog
Uskayaw
Vehumet
Xom
Yredelemnul
Zin
The Shining One

Annotations:
D:4 yrara's ghost, novice TrFi
D:7 exclusion: oklob plant
D:8 lupus83's ghost, novice TrHu


Innate Abilities, Weirdness & Mutations

You are too large for most types of armour.
You have claws for hands.
Your metabolism is lightning-fast.
You like to eat raw meat.
Your natural rate of healing is unusually fast.
You are covered in fur. (AC +1)
You have very tough skin. (AC +2)


Message History

The troll claws you.
* * * LOW HITPOINT WARNING * * *
The hound closely misses you. The hound bites you but does no damage.
You claw the hound!
The hound is heavily wounded.
The hound closely misses you. The troll closely misses you.
The troll claws you but does no damage. The troll claws you!
* * * LOW HITPOINT WARNING * * *
The hound misses you.
The hound pauses to sniff the ground.
The hound barely misses you. The hound closely misses you.
You miss the hound.
The hound is heavily wounded.
The hound bites you.
* * * LOW HITPOINT WARNING * * *
The hound bites you.
* * * LOW HITPOINT WARNING * * *
The troll completely misses you. The troll barely misses you. x2
The hound bites you.
You die...

......# ##...#[....
..... .....#.....
#####..####....#.....
≈......<............
#≈.###.#....#......
...............######
≈###.................
............Whhhh#
≈.##.#.#####.#@#.# .
#.#. #.#T# #
#.#.#####.#W#.##..#
≈≈≈≈≈≈..........#
≈≈≈≈≈≈≈....≈o≈..#
.≈≈≈≈;≈≈≈;..≈....#
≈≈≈W≈≈≈.≈......
≈h≈h≈≈.≈≈≈≈....
≈h≈≈.≈≈≈≈≈≈≈...


You could see a troll, a hungry ghost, 4 hounds, an electric eel and lupus83's
ghost.

Vanquished Creatures
  Pikel (D:6)
  Sigmund (D:2)
  Edmund (D:6)
  A black bear (D:7)
  A sky beast (D:7)
  A phantom (D:4)
  2 ogres (D:6)
  3 centaurs
  Blork the orc (D:6)
  A bullfrog (D:6)
  2 gnoll sergeants
  5 scorpions
  3 howler monkeys
  6 hounds
  8 jellies (D:7)
  2 bullfrog skeletons
  2 orc wizards
  2 iguanas
  Jessica (D:3)
  2 worker ants
  6 gnolls
  7 adders
  A howler monkey skeleton (D:6)
  7 oozes
  An adder skeleton (D:3)
  2 worms (D:2)
  A dart slug (D:3)
  3 leopard geckos
  21 orcs
  A ball python (D:2)
  7 bats
  7 giant cockroaches
  9 goblins
  9 hobgoblins
  13 jackals
  3 quokkas
  3 frilled lizards
  A jackal skeleton (D:4)
  8 kobolds
  A quokka skeleton (D:6)
  8 rats
165 creatures vanquished.

Vanquished Creatures (others)
  A hound skeleton (D:6)
  8 fungi (D:7)
9 creatures vanquished.

Grand Total: 174 creatures vanquished

Notes
Turn   | Place    | Note
-------+----------+-------------------------------------------
     0 | D:1      | Minion the Troll Monk began the quest for the Orb.
     0 | D:1      | Reached XP level 1. HP: 22/22 MP: 0/0
   107 | D:1      | Reached XP level 2. HP: 29/29 MP: 1/1
   254 | D:1      | Reached skill level 4 in Unarmed Combat
   321 | D:1      | Reached XP level 3. HP: 36/36 MP: 2/2
   420 | D:2      | Noticed a dagger
   421 | D:2      | Noticed a dagger
   524 | D:2      | Found a hide-covered altar of Uskayaw.
   773 | D:2      | Found an opulent altar of Gozag.
  1058 | D:2      | Noticed Sigmund
  1065 | D:2      | Killed Sigmund
  1065 | D:2      | Reached skill level 6 in Unarmed Combat
  1065 | D:2      | Reached XP level 4. HP: 42/44 MP: 3/3
  1065 | D:2      | Reached XP level 5. HP: 48/50 MP: 4/4
  1261 | D:3      | Reached XP level 6. HP: 40/59 MP: 5/5
  1389 | D:3      | Reached skill level 7 in Unarmed Combat
  1535 | D:3      | Noticed Jessica
  1541 | D:3      | Killed Jessica
  2077 | D:4      | Found a staircase to the Ecumenical Temple.
  2102 | Temple   | Entered the Ecumenical Temple
  2333 | D:4      | Reached skill level 8 in Unarmed Combat
  2333 | D:4      | Reached XP level 7. HP: 63/66 MP: 6/6
  2522 | D:4      | Noticed yrara's ghost (novice TrFi)
  2987 | D:4      | Found a blossoming altar of Fedhas.
  3273 | D:5      | Entered Level 5 of the Dungeon
  3407 | D:5      | Reached skill level 9 in Unarmed Combat
  3897 | D:5      | Found an iron altar of Okawaru.
  3904 | D:5      | Found an ancient bone altar of Kikubaaqudgha.
  4011 | D:6      | Noticed Blork the orc
  4015 | D:6      | Reached XP level 8. HP: 74/74 MP: 7/7
  4022 | D:6      | Killed Blork the orc
  4053 | D:6      | Noticed Edmund
  4062 | D:6      | Killed Edmund
  4062 | D:6      | Reached skill level 10 in Unarmed Combat
  4435 | D:6      | Noticed Pikel
  4444 | D:6      | Killed Pikel
  4896 | D:7      | Reached XP level 9. HP: 83/84 MP: 8/8
  5265 | D:7      | Noticed an oklob plant
  5474 | D:7      | Reached skill level 11 in Unarmed Combat
  5780 | D:7      | Reached skill level 5 in Fighting
  5821 | D:8      | Reached skill level 5 in Dodging
  5832 | D:8      | Found a staircase to the Lair.
  5832 | D:8      | Noticed a troll
  5841 | D:8      | Noticed lupus83's ghost (novice TrHu)
  5860 | D:8      | HP: 3/88 [hound (4)]
  5860 | D:8      | Slain by a hound

Vault maps used:
D:1:      zaba_arrival_water
D:2:      nicolae_gozag_seed_capital, dancing_weapons_uskayaw, first_bread,
          hex_medium, kennysheep_generic_room_16, uniq_sigmund
D:3:      wad_river_or_something, uniq_jessica
D:4:      lemuel_round_altar, temple_doors_e, hex_tiny
D:5:      minitemple
D:6:      minmay_crystal_water, uniq_blork_the_orc, uniq_pikel, uniq_edmund
D:7:      lemuel_slime
D:8:      erik_lair_island, hangedman_little_slice_of_home, uniq_erica,
          uniq_grum
Temple:   eino_narrow_crystal_temple

Skill      XL: |  1  2  3  4  5  6  7  8  9 |
---------------+----------------------------+-----
Unarmed Combat | 4 6 8 9 10 11 | 11.2
Fighting       | 4 5 |  5.1
Dodging        | 4 5 |  5.0
Stealth        | |  1.0

Action                   |  1- 3 |  4- 6 |  7- 9 || total
-------------------------+-------+-------+-------++-------
Melee: Unarmed           |   106 |    95 |   252 ||   453
       Punch             |       |     3 |    11 ||    14
  Use: Scroll            |       |       |     2 ||     2
       Potion            |       |       |     2 ||     2
 Stab: Sleeping          |     3 |     1 |     4 ||     8
  Eat: Chunk             |    15 |    11 |    33 ||    59
Armor: Robe              |    49 |    26 |    43 ||   118
Dodge: Dodged            |    55 |    35 |   141 ||   231
